Map: Dreamcatcher LE

Players

Neuro - Winner!

  • Race: Zerg Zerg
  • League: Master
  • Spawn Location: 11:00

lllIIIlllIII

  • Race: Zerg Zerg
  • Spawn Location: 5:00

VOD

Have the link to the VOD?

Description

Time

  • Played on: May 17, 2018, 7:01 p.m.
  • Length: 8:30
Show
View Real Time Build Order
Export as new Build Order

Neuro Zerg - Winner!

Build Orders: Hatch First 

Get SALT Encoding   

  12  0:01  Drone  
  13  0:12  Overlord  
  13  0:17  Drone  
  14  0:31  Drone x2  
  14  0:34  Drone  
  17  0:52  Hatchery  
  17  0:55  Drone  
  17  0:57  Drone  
  18  1:08  Extractor  
  17  1:13  Spawning Pool  
  17  1:16  Drone  
  17  1:19  Drone  
  18  1:29  Drone  
  19  1:46  Overlord  
  20  1:54  Drone  
  20  2:00  Queen  
  22  2:03  Queen  
  24  2:09  Drone x2  
  24  2:15  Drone x2  
  28  2:17  Metabolic Boost  
  28  2:30  Baneling Nest  
  28  2:31  Drone x2  
  29  2:42  Hatchery  
  28  2:44  Drone  
  29  2:51  Zergling x6  
  29  2:57  Overlord  
  32  3:03  Overlord  
  32  3:13  Zergling x8  
  36  3:21  Queen  
  36  3:25  Zergling x6  
  36  3:26  Zergling x2  
  42  3:37  Baneling x2  
  43  3:41  Zergling x6  
  44  3:49  Zergling x4  
  45  3:56  Baneling  
  45  4:00  Drone x5  
  50  4:03  Baneling  
  50  4:05  Drone x4  
  50  4:09  Drone x2  
  55  4:21  Drone x3  
  56  4:29  Baneling x2  
  54  4:40  Drone x3  
  54  4:42  Roach Warren  
  54  4:43  Evolution Chamber  
  55  4:49  Zergling x8  
  56  4:54  Zergling x2  
  56  4:58  Spine Crawler  
  56  5:00  Overlord x2  
  56  5:08  Queen  
  56  5:11  Queen  
  56  5:13  Zergling x2  
  56  5:15  Queen  
  56  5:17  Drone x5  
  56  5:18  Baneling  
  57  5:23  Zerg Missile Weapons Level 1  
  57  5:25  Roach x2  
  57  5:26  Drone x4  
  57  5:28  Extractor  
  64  5:37  Extractor  
  64  5:38  Extractor  
  62  5:45  Baneling  
  62  5:47  Roach, Zergling x2  
  62  5:48  Zergling x16  
  72  6:14  Drone  
  72  6:16  Overlord x2  
  72  6:17  Lair  
  73  6:20  Extractor  
  72  6:35  Drone x6  
  72  6:37  Roach x5  
  88  6:40  Drone  
  89  6:48  Overlord x6  
  88  7:09  Roach x10  
  88  7:12  Drone  
  101  7:31  Roach x6  
  101  7:32  Roach x6, Queen  
  101  7:33  Queen  
  129  7:49  Overlord x3  
  129  8:02  Roach x4  
  137  8:11  Roach x2  
Show
View Real Time Build Order
Export as new Build Order

lllIIIlllIII Zerg 

Build Orders: Hatch First, Zergling Baneling 

Get SALT Encoding   

  12  0:01  Drone  
  13  0:12  Overlord  
  13  0:18  Drone  
  14  0:33  Drone x2  
  16  0:36  Drone  
  17  0:55  Hatchery  
  16  1:01  Drone  
  16  1:02  Drone  
  18  1:19  Spawning Pool, Extractor  
  18  1:20  Drone  
  18  1:24  Drone  
  18  1:28  Drone  
  19  1:53  Drone x2  
  21  2:02  Overlord  
  21  2:07  Queen  
  21  2:08  Queen  
  25  2:09  Drone  
  25  2:12  Drone  
  27  2:18  Drone  
  27  2:19  Metabolic Boost  
  27  2:22  Drone  
  29  2:31  Drone  
  29  2:35  Drone  
  31  2:44  Hatchery  
  30  2:52  Baneling Nest  
  30  2:54  Drone x2  
  31  2:59  Overlord  
  31  3:04  Overlord  
  31  3:19  Zergling x4  
  33  3:20  Zergling x2  
  33  3:21  Zergling x2  
  33  3:22  Zergling x4  
  33  3:23  Zergling x4  
  39  3:29  Overlord  
  39  3:37  Drone x2  
  41  3:49  Baneling  
  41  3:50  Baneling  
  41  3:53  Zergling x6  
  41  3:54  Zergling x10  
  42  3:58  Zergling x2  
  42  4:00  Drone x2  
  44  4:21  Baneling x2  
  44  4:29  Baneling x3  
  44  4:30  Baneling  
  43  4:31  Zergling x2  
  43  4:32  Zergling x14  
  51  4:38  Hatchery  
  49  4:52  Drone  
  49  4:53  Drone x3  
  52  5:02  Baneling x3  
  52  5:03  Hatchery, Baneling x3  
  45  5:19  Zergling x2  
  45  5:20  Zergling x10  
  46  5:24  Drone  
  46  5:25  Drone  
  46  5:26  Drone  
  46  5:27  Lair  
  49  5:30  Roach Warren  
  48  5:42  Drone x3, Extractor  
  50  5:43  Drone  
  50  5:47  Overlord x2  
  51  5:56  Queen  
  47  6:07  Evolution Chamber, Drone x2  
  47  6:08  Drone x5  
  53  6:16  Drone x2  
  55  6:20  Drone  
  55  6:21  Drone  
  57  6:27  Drone x4  
  57  6:28  Drone x2, Glial Reconstitution  
  63  6:33  Zerg Missile Weapons Level 1, Extractor  
  62  6:41  Roach x4  
  63  7:00  Drone x11  
  67  7:12  Drone x2  
  67  7:13  Drone  
  70  7:15  Extractor  
  70  7:20  Overlord  
  70  7:21  Overlord  
  71  7:23  Roach x2  
  71  7:29  Overlord x3  
  71  7:33  Roach  
  73  7:46  Roach x4  
  73  7:47  Roach  
  73  7:49  Roach  
  73  7:50  Roach x6  
  97  7:56  Roach x3  
  103  8:05  Extractor  
  102  8:06  Roach  
  102  8:07  Overlord x2  
  102  8:08  Overlord  
Tags
 
Add a new tag
Caveats
  • Supply blocks, unpowered buildings, or Contaminate may cause inaccurate times.
  • Supply counts are checked every 10 seconds.